[Event "Titled Tuesday Blitz January 25 2022"]
[White "Triapishko, Alexandr"]
[Black "Heinemann, Josefine"]
[WhiteFideId "14122286"]
[BlackFideId "12900460"]
[WhiteElo "2479"]
[BlackElo "2300"]
[Result "1-0"]
[Round "01"]
[TimeControl "180+1"]
[Date "2022.01.26"]
[WhiteClock "0:00:33"]
[BlackClock "0:01:21"]

1. d4 Nf6 2. c4 g6 3. Nc3 d5 4. cxd5 Nxd5 5. e4 Nxc3 6. bxc3 Bg7 7. Bc4 c5 8. Ne2 Nc6 9. Be3 O-O 10. h4 Qa5 11. Kf1 Rd8 12. h5 cxd4 13. cxd4 Qb4 14. Rc1 Nxd4 15. hxg6 hxg6 16. Nxd4 e5 17. Qf3 Qe7 18. Bg5 1-0


[Site "https://www.chess.com"]

[Event "Titled Tuesday Blitz January 25 2022"]
[White "Urazayev, Arystanbek"]
[Black "Andrejevs, Arvids"]
[WhiteFideId "13709810"]
[BlackFideId "11602708"]
[WhiteElo "2321"]
[BlackElo "2272"]
[Result "1-0"]
[Round "01"]
[TimeControl "180+1"]
[Date "2022.01.26"]
[WhiteClock "0:00:21"]
[BlackClock "0:00:02"]

1. c4 e6 2. Nf3 d5 3. e3 Nf6 4. b3 c5 5. Bb2 Nc6 6. cxd5 Nxd5 7. Nc3 Nxc3 8. Bxc3 Bd7 9. h4 h6 10. Qb1 Qc7 11. Bd3 Nb4 12. Bxb4 cxb4 13. Qb2 Qd6 14. Ne5 Be7 15. Be4 O-O 16. d4 Bb5 17. Bd3 Qa6 18. Bxb5 Qxb5 19. Qe2 Qd5 20. Nf3 Rac8 21. O-O Rc3 22. Rad1 Rfc8 23. Rd2 a6 24. g3 Bd6 25. Rfd1 Qf5 26. Kg2 Qe4 27. Kh2 f5 28. Kg1 f4 29. gxf4 Bxf4 30. Ne1 Bb8 31. Ng2 Rc2 32. Rxc2 Rxc2 33. Qh5 Qc6 34. d5 exd5 35. Ne1 Rc1 36. Rxc1 Qxc1 37. Qxd5+ Kh7 38. Qe4+ Kg8 39. Qxb4 Bd6 40. Qc4+ Qxc4 41. bxc4 Kf7 42. Kg2 Ke6 43. Nd3 Kd7 44. f4 Kc6 45. h5 b5 46. cxb5+ Kxb5 47. e4 Kc4 48. e5 Be7 49. Nf2 Kc3 50. Ne4+ Kb2 51. a4 Ka3 52. Nc3 Kb3 53. Nd5 Bf8 54. Nc7 a5 55. Ne6 Be7 56. Nxg7 Kxa4 57. f5 Kb3 58. f6 Bd8 59. Ne6 a4 60. Nxd8 a3 61. f7 a2 62. f8=Q a1=Q 63. Qf3+ Kc4 64. Nf7 Qb2+ 65. Kh3 Qb8 66. Nd6+ Kd4 67. Nf5+ 1-0


[Site "https://www.chess.com"]

[Event "Titled Tuesday Blitz January 25 2022"]
[White "Vasquez Schroeder, Rodrigo"]
[Black "Hoffmann, Asa"]
[WhiteFideId "3400042"]
[BlackFideId "2001470"]
[WhiteElo "2568"]
[BlackElo "2117"]
[Result "1-0"]
[Round "01"]
[TimeControl "180+1"]
[Date "2022.01.26"]
[WhiteClock "0:01:46"]
[BlackClock "0:01:13"]

1. e4 d6 2. d4 Nf6 3. Nc3 c6 4. a4 Qa5 5. Bd3 e5 6. Ne2 Be7 7. O-O O-O 8. h3 Nbd7 9. Bd2 Qc7 10. Be3 a5 11. f4 b6 12. Qd2 Ba6 13. Bxa6 Rxa6 14. Rae1 Raa8 15. Ng3 g6 16. Qf2 exd4 17. Bxd4 Rae8 18. e5 Nd5 19. Nxd5 cxd5 20. e6 fxe6 21. Rxe6 Nc5 22. Re2 Bh4 23. Rxe8 Rxe8 24. Qf3 Bxg3 25. Qxg3 Ne4 26. Qg4 Qxc2 27. Qd7 1-0


[Site "https://www.chess.com"]

[Event "Titled Tuesday Blitz January 25 2022"]
[White "Vetokhin, Ilia"]
[Black "Nakamura, Hikaru"]
[WhiteFideId "24156078"]
[BlackFideId "2016192"]
[WhiteElo "1897"]
[BlackElo "2850"]
[Result "0-1"]
[Round "01"]
[TimeControl "180+1"]
[Date "2022.01.26"]
[WhiteClock "0:00:04"]
[BlackClock "0:01:27"]

1. d4 g6 2. c4 Bg7 3. Nf3 d6 4. g3 Bd7 5. Bg2 Qc8 6. h4 c5 7. d5 b5 8. cxb5 Nf6 9. Nc3 a6 10. b6 Qb7 11. O-O O-O 12. Nd2 Qxb6 13. Nc4 Qc7 14. Qc2 Bb5 15. b3 Bxc4 16. bxc4 Nbd7 17. Bd2 Rab8 18. Rab1 Nb6 19. Na4 Nxa4 20. Qxa4 Qa7 21. Rb3 Rxb3 22. axb3 Rb8 23. Rb1 h5 24. Bf3 Nd7 25. e4 Bd4 26. Kg2 Kg7 27. Qa2 Nf6 28. Qc2 a5 29. Qa2 a4 30. bxa4 Rxb1 31. Qxb1 Qxa4 32. Qd3 Qa2 33. Be2 Nd7 34. Be3 Ne5 35. Qd2 Qb1 36. Bxd4 Qxe4+ 37. f3 Qxd4 38. Qxd4 cxd4 39. f4 Nd7 40. Kf3 Nc5 41. g4 hxg4+ 42. Kxg4 Kf6 43. Bf1 Ne4 44. Be2 d3 45. Bd1 Nf2+ 46. Kf3 Nxd1 0-1


[Site "https://www.chess.com"]

[Event "Titled Tuesday Blitz January 25 2022"]
[White "Vifleemskaia, Svetlana"]
[Black "Gelman, Alexander"]
[WhiteFideId "4129490"]
[BlackFideId "4118316"]
[WhiteElo "1901"]
[BlackElo "2375"]
[Result "0-1"]
[Round "01"]
[TimeControl "180+1"]
[Date "2022.01.26"]
[WhiteClock "0:00:03"]
[BlackClock "0:00:42"]

1. d4 Nf6 2. c4 c5 3. dxc5 e6 4. Nf3 Bxc5 5. Nc3 a6 6. a3 Be7 7. g3 d6 8. Bg2 O-O 9. O-O Qc7 10. Qd3 Nbd7 11. b4 b6 12. Bb2 Bb7 13. Rac1 Rac8 14. Na4 Bc6 15. Nc3 Qb8 16. Rfd1 Rfd8 17. e4 Bb7 18. Qe2 h6 19. h3 Qa8 20. Nd2 Rc7 21. Na4 Rdc8 22. Bd4 b5 23. Nb6 Nxb6 24. Bxb6 Rc6 25. Be3 bxc4 26. Rxc4 Rxc4 27. Nxc4 Qb8 28. Nb6 Rc3 29. a4 Bxe4 30. Bxe4 Nxe4 31. Qxa6 Nxg3 32. Qc8+ Rxc8 33. Nxc8 Qxc8 34. fxg3 Qc2 35. Ra1 Qc3 36. Bf2 Qxa1+ 0-1


[Site "https://www.chess.com"]

[Event "Titled Tuesday Blitz January 25 2022"]
[White "Weetik, Vjacheslav"]
[Black "Khripachenko, Alexander"]
[WhiteFideId "4153472"]
[BlackFideId "54184975"]
[WhiteElo "2469"]
[BlackElo "2177"]
[Result "1-0"]
[Round "01"]
[TimeControl "180+1"]
[Date "2022.01.26"]
[WhiteClock "0:00:03"]
[BlackClock "0:00:10"]

1. e4 c5 2. Nf3 d6 3. Bb5+ Bd7 4. Bxd7+ Nxd7 5. O-O Ngf6 6. Re1 e6 7. d4 cxd4 8. Qxd4 Be7 9. c4 O-O 10. Nc3 a6 11. Bg5 Qa5 12. Qd2 Rac8 13. Nd5 Qd8 14. Nxe7+ Qxe7 15. b3 h6 16. Bh4 Ne5 17. Nd4 Rfd8 18. a4 Ng6 19. Bg3 Nh5 20. a5 Qc7 21. Qe3 Nxg3 22. Qxg3 d5 23. Qxc7 Rxc7 24. cxd5 exd5 25. g3 dxe4 26. Rxe4 Rcd7 27. Nf5 Rd5 28. Ne3 Rb5 29. b4 Rd3 30. Rc1 Rb3 31. Rc8+ Kh7 32. Rc7 R3xb4 33. Rxb4 Rxb4 34. Rxf7 Ne5 35. Rc7 Nc6 36. Nf5 Kg6 37. Nxg7 Nxa5 38. Ne6 Nb3 39. h4 a5 40. Nf4+ Kf5 41. Nd3 Rd4 42. Nc5 Rb4 43. Nxb7 a4 44. Nd6+ Ke6 45. Ne8 a3 46. Ra7 Rb8 47. Ng7+ Kf6 48. Nh5+ Kg6 49. Nf4+ Kf5 50. Rxa3 Nd4 51. Kg2 Rb5 52. Ra4 Ke4 53. Ne6 1-0


[Site "https://www.chess.com"]

[Event "Titled Tuesday Blitz January 25 2022"]
[White "Zhigalko, Sergei"]
[Black "Ronka, Erik"]
[WhiteFideId "13502956"]
[BlackFideId "505080"]
[WhiteElo "2662"]
[BlackElo "2264"]
[Result "0-1"]
[Round "01"]
[TimeControl "180+1"]
[Date "2022.01.26"]
[WhiteClock "0:00:02"]
[BlackClock "0:00:28"]

1. e4 c5 2. Nf3 d6 3. d4 Nf6 4. Nc3 cxd4 5. Qxd4 Nbd7 6. Bc4 e6 7. a4 a6 8. a5 Qc7 9. O-O Be7 10. Rd1 O-O 11. h3 Ne5 12. Be2 Nxf3+ 13. Bxf3 e5 14. Qd3 Be6 15. Be3 Rac8 16. Be2 Qc6 17. Rac1 Rfd8 18. Bb6 Rd7 19. Nd5 Bxd5 20. exd5 Qa4 21. c4 Bd8 22. Qc3 Bxb6 23. axb6 Ne4 24. Qe3 Nc5 25. Bg4 Qb4 26. Bxd7 Nxd7 27. Qa3 Qxb6 28. b4 h6 29. Rc3 Nf6 30. c5 Qc7 31. c6 Ne4 32. Rcc1 f5 33. cxb7 Qxb7 34. Rxc8+ Qxc8 35. Qd3 Qb7 36. Rb1 Qb6 37. Qe3 Qb5 38. f3 Nf6 39. Rc1 Nxd5 40. Qd2 Kh7 41. Rd1 Nf4 42. Qxd6 Qe2 43. Qd2 Qb5 44. Qc2 Ne2+ 45. Kh2 Nd4 46. Qc5 Qb8 47. Kh1 Qe8 48. Re1 Nc6 49. Qd5 Nxb4 50. Qxe5 Qc8 51. Qe6 Qc2 52. Re5 Qc1+ 53. Re1 Qf4 54. Qe3 Qc4 55. Qe6 Qf4 56. Qe5 Qg5 57. Rd1 Nc2 58. Qd6 Ne3 59. Rg1 f4 60. Qd2 Qg3 61. Qe1 Qg5 62. Qb1+ Nf5 63. Qe4 h5 64. Kh2 Kh6 65. Ra1 Qg3+ 66. Kh1 Ne3 67. Qe6+ Kh7 68. Qe4+ Kh6 69. Rxa6+ g6 70. Ra1 Qxg2# 0-1


[Site "https://www.chess.com"]

[Event "Titled Tuesday Blitz January 25 2022"]
[White "Zong, Davis"]
[Black "Gledura, Benjamin"]
[WhiteFideId "30903955"]
[BlackFideId "712779"]
[WhiteElo "2061"]
[BlackElo "2326"]
[Result "1-0"]
[Round "01"]
[TimeControl "180+1"]
[Date "2022.01.26"]
[WhiteClock "0:00:10"]
[BlackClock "0:00:55"]

1. d4 Nf6 2. c4 g6 3. Nc3 d5 4. cxd5 Nxd5 5. e4 Nxc3 6. bxc3 Bg7 7. Bc4 c5 8. Ne2 O-O 9. O-O Nc6 10. Be3 Bg4 11. f3 Na5 12. Bb5 Bd7 13. Bxd7 Qxd7 14. Qc1 cxd4 15. Bxd4 e5 16. Be3 Rfc8 17. Bh6 Qd3 18. Qe3 Rd8 19. Rfd1 Qxd1+ 20. Rxd1 Rxd1+ 21. Kf2 Nc4 22. Qc5 Nb2 23. Qe3 Bxh6 24. Qxh6 Rad8 25. h4 R8d2 26. h5 Nd3+ 27. Ke3 Ne1 28. Qg5 Rd3+ 29. Kf2 Rd8 30. h6 R1d6 31. Kxe1 Re8 32. Kf2 f6 33. Qe3 b6 34. g4 Kf7 35. g5 f5 36. exf5 gxf5 37. f4 Rde6 38. Ng3 Kg8 39. Nxf5 Rf8 40. Qd3 Kh8 41. Qd5 Ree8 42. Qd7 Rg8 43. Qf7 Ref8 44. Qe6 Rg6 45. Qxe5+ Kg8 46. Ne7+ Kf7 47. Nxg6 Kxg6 48. Qe6+ Kh5 49. Kg3 1-0


[Site "https://www.chess.com"]

[Event "Titled Tuesday Blitz January 25 2022"]
[White "Al-Tarboush, Ward"]
[Black "Triapishko, Alexandr"]
[WhiteFideId "7601450"]
[BlackFideId "14122286"]
[WhiteElo "2276"]
[BlackElo "2479"]
[Result "0-1"]
[Round "02"]
[TimeControl "180+1"]
[Date "2022.01.26"]
[WhiteClock "0:00:03"]
[BlackClock "0:00:05"]

1. e4 e5 2. Nf3 Nc6 3. Bb5 Nge7 4. O-O Ng6 5. c3 a6 6. Ba4 d5 7. exd5 Qxd5 8. d4 Bg4 9. dxe5 Bxf3 10. gxf3 Qxd1 11. Rxd1 Nxe5 12. f4 Nd7 13. Bxc6 bxc6 14. Re1+ Be7 15. Nd2 f6 16. Nc4 Kf7 17. f5 g6 18. Bf4 gxf5 19. Bxc7 Rhg8+ 20. Kf1 Rg4 21. Bd6 Bxd6 22. Nxd6+ Kg6 23. Re7 Ne5 24. h3 Rh4 25. Ke2 Rxh3 26. Rg1+ Ng4 27. f3 Rh2+ 28. Kd3 Rd8 29. Re6 h5 30. fxg4 fxg4 31. Ke3 Rxb2 32. Ne4 Rf8 33. Kf4 Rxa2 34. Rxc6 Ra5 35. Nc5 Rd8 36. Re1 Rd5 37. Nb3 Rf5+ 38. Kg3 Rae5 39. Rxe5 Rxe5 40. Kf4 Rf5+ 41. Kg3 Rf3+ 42. Kg2 h4 43. Nd4 h3+ 44. Kg1 Rd3 45. Ne6 Rg3+ 46. Kf2 Rf3+ 47. Kg1 g3 48. Rd6 Rf2 49. Nf4+ Rxf4 50. Rd3 h2+ 51. Kg2 Rf2+ 52. Kh1 Rf1+ 53. Kg2 Rg1+ 54. Kf3 h1=Q+ 55. Kf4 Qh4+ 56. Ke3 Re1+ 57. Kd2 g2 0-1


[Site "https://www.chess.com"]

[Event "Titled Tuesday Blitz January 25 2022"]
[White "Altman, Joshua"]
[Black "Costachi, Mihnea"]
[WhiteFideId "426210"]
[BlackFideId "1217518"]
[WhiteElo "1945"]
[BlackElo "2464"]
[Result "0-1"]
[Round "02"]
[TimeControl "180+1"]
[Date "2022.01.26"]
[WhiteClock "0:01:17"]
[BlackClock "0:01:41"]

1. d4 g6 2. c4 Bg7 3. Nf3 d6 4. Nc3 Nc6 5. Bg5 h6 6. Bh4 g5 7. Bg3 e5 8. dxe5 Nxe5 9. Nxe5 dxe5 10. Qxd8+ Kxd8 11. O-O-O+ Bd7 12. e4 c6 13. f3 Kc7 14. h4 Ne7 15. hxg5 hxg5 16. Be2 Ng6 17. c5 Nf4 18. Bxf4 exf4 19. Kc2 Be6 20. a4 a5 21. Nb1 Rxh1 22. Rxh1 Bd4 23. Rh5 Rg8 24. Na3 Bxc5 25. Nc4 b6 26. Ne5 Bd4 27. Nc4 g4 28. Rh4 gxf3 29. gxf3 Rg2 30. Kd1 Rxe2 31. Kxe2 Bxc4+ 32. Kd2 Be5 33. Kc2 Be2 34. Rh7 Bxf3 35. Rxf7+ Kd6 36. Kd3 Bg2 37. b3 Bf1+ 38. Kd2 b5 39. axb5 Bxb5 40. Ra7 Kc5 41. Rxa5 Kd4 42. Ra1 f3 43. Ke1 Bg3+ 44. Kd2 f2 45. e5 Bf4+ 46. Kc2 f1=Q 47. Rxf1 Bxf1 48. e6 Bd6 49. b4 Bxb4 50. e7 Bxe7 51. Kb3 c5 0-1


[Site "https://www.chess.com"]

[Event "Titled Tuesday Blitz January 25 2022"]
[White "Ambartsumova, Karina"]
[Black "Cunjalo, Faris"]
[WhiteFideId "4166299"]
[BlackFideId "14410710"]
[WhiteElo "2262"]
[BlackElo "2263"]
[Result "0-1"]
[Round "02"]
[TimeControl "180+1"]
[Date "2022.01.26"]
[WhiteClock "0:00:01"]
[BlackClock "0:00:11"]

1. e4 c6 2. d4 d5 3. exd5 cxd5 4. Nf3 Nc6 5. Ne5 e6 6. Bb5 Bd7 7. Nxd7 Qxd7 8. c3 a6 9. Bd3 Bd6 10. O-O Nge7 11. Nd2 Ng6 12. Nf3 Nf4 13. Bc2 Ng6 14. Re1 Nce7 15. g3 Qc7 16. Qe2 h6 17. Ne5 Nxe5 18. dxe5 Bc5 19. Qg4 g6 20. Bd2 Nf5 21. Kg2 h5 22. Qe2 Rd8 23. Rad1 Qc6 24. Bg5 Be7 25. Bxe7 Nxe7 26. Qf3 Qb6 27. Ba4+ Kf8 28. Bb3 Nf5 29. Rd3 Kg7 30. Qf4 Rd7 31. h3 Qd8 32. Bc2 Qe7 33. Rdd1 Nh6 34. Rh1 Rc7 35. Rd4 Ng8 36. g4 hxg4 37. hxg4 Rxh1 38. Kxh1 Qh4+ 39. Qh2 Qxh2+ 40. Kxh2 g5 41. Kg3 f6 42. exf6+ Kxf6 43. f3 Ne7 44. Rd1 Ng6 45. Bxg6 Kxg6 46. f4 gxf4+ 47. Kxf4 Rc4+ 48. Ke5 Re4+ 49. Kd6 Re2 50. Rd4 Rxb2 0-1


[Site "https://www.chess.com"]

[Event "Titled Tuesday Blitz January 25 2022"]
[White "Atakhan, Abtin"]
[Black "Steinberg, Nitzan"]
[WhiteFideId "22502203"]
[BlackFideId "2801795"]
[WhiteElo "2119"]
[BlackElo "2440"]
[Result "1-0"]
[Round "02"]
[TimeControl "180+1"]
[Date "2022.01.26"]
[WhiteClock "0:00:07"]
[BlackClock "0:00:05"]

1. e4 e5 2. Nf3 Nc6 3. Bb5 a6 4. Ba4 Nf6 5. O-O Be7 6. Re1 b5 7. Bb3 d6 8. a4 Bd7 9. c3 O-O 10. d4 h6 11. Bc2 Re8 12. Nbd2 Bf8 13. Nf1 exd4 14. Nxd4 b4 15. Ng3 Rb8 16. h3 g6 17. Be3 Ne5 18. Qe2 c5 19. Nf3 b3 20. Nxe5 Rxe5 21. Bd3 a5 22. f4 Re8 23. Qf2 Bc6 24. Bd2 Bg7 25. Re3 Qd7 26. Rf1 Bxa4 27. Rf3 Bb5 28. c4 Bc6 29. e5 dxe5 30. fxe5 Ng4 31. hxg4 Bxf3 32. Qxf3 Rbd8 33. Bb1 Qd4+ 34. Be3 Qxc4 35. Ne4 Rxe5 36. Nf6+ Bxf6 37. Qxf6 Rde8 38. Bxh6 Qd4+ 39. Kh2 R5e7 40. Qxd4 cxd4 41. Rd1 Re2 42. Bc1 Rd8 43. Bd3 Re5 44. Bf4 Rc5 45. Kg3 g5 46. Bd2 a4 47. Ra1 Ra8 48. Kf3 Kg7 49. Ke4 Rcc8 50. Bxg5 f6 51. Bd2 Re8+ 52. Kf3 Re5 53. Bf4 Rc5 54. Bd6 Rcc8 55. Bb4 Rab8 56. Rxa4 Re8 57. Ra7+ Kg8 58. Bd2 Rbc8 59. Bh7+ Kh8 60. Bf5 Re5 61. Bxc8 d3 62. Rd7 Re2 63. Rxd3 Re7 64. Bf5 Kg7 65. Rxb3 Rc7 66. Rd3 Rb7 67. Rd7+ Rxd7 68. Bxd7 1-0


[Site "https://www.chess.com"]

[Event "Titled Tuesday Blitz January 25 2022"]
[White "Badmatsyrenov, Oleg"]
[Black "Soderstrom, Adrian"]
[WhiteFideId "24115762"]
[BlackFideId "1745786"]
[WhiteElo "2403"]
[BlackElo "2107"]
[Result "1-0"]
[Round "02"]
[TimeControl "180+1"]
[Date "2022.01.26"]
[WhiteClock "0:00:08"]
[BlackClock "0:00:13"]

1. e4 c5 2. Nf3 g6 3. d4 cxd4 4. Nxd4 Nf6 5. Nc3 d6 6. f3 Bg7 7. Be3 O-O 8. Qd2 Nc6 9. Bc4 Bd7 10. O-O-O Rb8 11. Bb3 Na5 12. Kb1 b5 13. Bh6 Bxh6 14. Qxh6 e5 15. Nde2 Nxb3 16. cxb3 b4 17. Nd5 Nxd5 18. Rxd5 Be6 19. Rd2 Rb6 20. h4 Ra6 21. h5 g5 22. g3 f6 23. f4 Qa5 24. Nc1 exf4 25. gxf4 Rc8 26. Qxf6 Bxb3 27. Qxg5+ Qxg5 28. fxg5 Be6 29. Rhd1 Rcc6 30. Nb3 Rc4 31. Rd4 Rac6 32. Rxc4 Rxc4 33. Rd4 Rc6 34. Rxb4 Bc4 35. a3 Bd3+ 36. Ka2 Kf7 37. a4 a5 38. Rb7+ Ke6 39. Nd4+ Ke5 40. Nxc6+ Kxe4 41. Rxh7 Kd5 42. Rc7 Bc4+ 43. b3 Bd3 44. Nxa5 Bf5 45. h6 Ke4 46. h7 Bxh7 47. Rxh7 d5 48. Re7+ Kf5 49. Nc6 d4 50. Nxd4+ 1-0


[Site "https://www.chess.com"]

[Event "Titled Tuesday Blitz January 25 2022"]
[White "Baules Rodriguez, Jorge Luis"]
[Black "Obolenskikh, Dmitry"]
[WhiteFideId "6600247"]
[BlackFideId "4156013"]
[WhiteElo "2375"]
[BlackElo "2512"]
[Result "0-1"]
[Round "02"]
[TimeControl "180+1"]
[Date "2022.01.26"]
[WhiteClock "0:00:05"]
[BlackClock "0:00:04"]

1. e4 e5 2. Nf3 Nc6 3. Bb5 a6 4. Ba4 Nf6 5. O-O Be7 6. Re1 b5 7. Bb3 d6 8. c3 O-O 9. d4 Bg4 10. Be3 Bh5 11. h3 exd4 12. cxd4 Na5 13. Bc2 c5 14. Nbd2 cxd4 15. Bxd4 Nc6 16. Be3 d5 17. Qb1 dxe4 18. Ng5 Nb4 19. Ndxe4 Nxc2 20. Qxc2 Bg6 21. Rad1 Qc8 22. Qxc8 Raxc8 23. Bd4 Nxe4 24. Nxe4 Rfd8 25. Nc3 Bb4 26. a3 Ba5 27. Be5 f6 28. Bd4 Kf7 29. b4 Bc7 30. Be3 Bc2 31. Rc1 Bb3 32. Ne2 Bc4 33. Nd4 Be5 34. Red1 g5 35. g3 h5 36. Kh2 h4 37. Nc6 hxg3+ 38. fxg3 Rxd1 39. Nxe5+ fxe5 40. Rxd1 g4 41. hxg4 Rh8+ 42. Kg2 Ke6 43. Bg1 Bd5+ 44. Kf2 Rc8 45. Rd2 Rc3 46. g5 Rf3+ 47. Ke2 Rxg3 48. Be3 Bc4+ 49. Kf2 Rg4 50. Rd8 Kf5 51. Rf8+ Ke4 52. Bc1 Rh4 53. Kg3 Rh1 54. Bd2 Rd1 55. Rf2 Kd3 56. g6 Rxd2 57. Rf6 e4 58. Rxa6 Ke2 59. g7 Rd8 60. Rc6 e3 61. Kf4 Kf2 62. Kg5 e2 63. Rf6+ Kg2 64. Rf8 Rd1 65. g8=Q Bxg8 66. Rxg8 e1=Q 67. Kf5+ Kf2 68. Rg4 Rd5+ 69. Kg6 Qe5 70. Rh4 Qf5+ 0-1


[Site "https://www.chess.com"]

[Event "Titled Tuesday Blitz January 25 2022"]
[White "Berezin, Viktor"]
[Black "Papasimakopoulos, Alexandros"]
[WhiteFideId "14107872"]
[BlackFideId "4244125"]
[WhiteElo "2310"]
[BlackElo "2340"]
[Result "0-1"]
[Round "02"]
[TimeControl "180+1"]
[Date "2022.01.26"]
[WhiteClock "0:00:07"]
[BlackClock "0:00:08"]

1. d4 f5 2. g3 Nf6 3. Bg2 g6 4. Nh3 Bg7 5. Nf4 O-O 6. h4 Nc6 7. h5 e5 8. dxe5 Nxe5 9. Nc3 c6 10. e4 fxe4 11. hxg6 hxg6 12. Nxe4 d5 13. Ng5 Re8 14. Kf1 Bf5 15. Bh3 Qd7 16. Nf3 Nxf3 17. Bxf5 Qxf5 18. Qxf3 g5 19. Qd3 Ne4 20. Nh3 Nxg3+ 21. Qxg3 g4 22. Nf4 Qxc2 23. Qxg4 Re4 24. Rg1 Qc4+ 25. Kg2 Rf8 26. Kh2 Rf7 27. Be3 Rexf4 28. Bxf4 Qxf4+ 29. Qxf4 Rxf4 30. Kg3 Rd4 31. Kf3 Kf7 32. Rae1 Rd3+ 33. Re3 Rd2 34. Re2 Rd3+ 35. Re3 Rd2 36. Re2 Rd4 37. Rge1 Bf6 38. Rc2 a5 39. Re3 a4 40. Ra3 Rh4 41. Re3 Bg7 42. Ke2 Bf6 43. Rc5 Rb4 44. Rc2 Bxb2 45. Rh3 Ke6 46. Rh7 Bf6 47. Rh6 a3 48. Rh3 Bb2 49. Re3+ Kd6 50. Kd3 b6 51. Ke2 Rd4 52. Rh3 Re4+ 53. Kd3 Rf4 54. f3 Rf6 55. Ke3 c5 56. Kf2 b5 57. Rh5 b4 58. Rd2 Bd4+ 59. Ke2 Re6+ 60. Kd1 Kc6 61. Rf5 Re3 62. Rf8 Kb5 63. f4 Kc4 64. f5 Bc3 65. Rc2 Re1# 0-1


[Site "https://www.chess.com"]

[Event "Titled Tuesday Blitz January 25 2022"]
[White "Bodi, Tibor"]
[Black "Lenderman, Aleksandr"]
[WhiteFideId "701084"]
[BlackFideId "2021285"]
[WhiteElo "2243"]
[BlackElo "2651"]
[Result "0-1"]
[Round "02"]
[TimeControl "180+1"]
[Date "2022.01.26"]
[WhiteClock "0:00:03"]
[BlackClock "0:01:04"]

1. Nf3 d6 2. c4 g6 3. Nc3 Bg7 4. d3 Nc6 5. g3 e5 6. Bg2 Nf6 7. Rb1 O-O 8. b4 Nd4 9. O-O c6 10. b5 Bd7 11. Bd2 Qc7 12. e3 Ne6 13. d4 e4 14. Ne1 d5 15. Qb3 Qd6 16. Bc1 Rfc8 17. bxc6 bxc6 18. Ba3 dxc4 19. Bxd6 cxb3 20. Rxb3 c5 21. Nxe4 Nxe4 22. Bxe4 cxd4 23. Bxa8 Rxa8 24. e4 a6 25. Rb8+ Rxb8 26. Bxb8 Bb5 27. Nd3 Bxd3 28. Re1 Bc2 29. Bd6 d3 30. Bb4 Nd4 31. Kg2 Nc6 32. Bd2 Ne5 33. Rc1 Nc4 34. Bf4 Bb2 35. Re1 d2 36. Bxd2 Nxd2 37. Re2 Bxe4+ 38. Kh3 Bc3 39. f3 Nxf3 40. g4 0-1


[Site "https://www.chess.com"]

[Event "Titled Tuesday Blitz January 25 2022"]
[White "Carnicelli, Valerio"]
[Black "Pandey Srishti"]
[WhiteFideId "856185"]
[BlackFideId "35093290"]
[WhiteElo "2323"]
[BlackElo "1832"]
[Result "1-0"]
[Round "02"]
[TimeControl "180+1"]
[Date "2022.01.26"]
[WhiteClock "0:00:07"]
[BlackClock "0:00:14"]

1. e4 e5 2. Nf3 Nc6 3. d4 exd4 4. Nxd4 Nf6 5. Nxc6 bxc6 6. e5 Qe7 7. Qe2 Nd5 8. c4 Nb6 9. Nc3 a5 10. Qe4 Ba6 11. Bd3 Qe6 12. b3 Bb4 13. Bd2 a4 14. O-O d5 15. exd6 Qxe4 16. Bxe4 O-O-O 17. Rac1 Rxd6 18. Bf4 Rd4 19. Bf5+ Kb7 20. Be3 Rdd8 21. Nxa4 Nxa4 22. bxa4 c5 23. Rb1 Kc6 24. Be4+ Kd6 25. Bf4+ Ke6 26. Bd5+ Kf6 27. Bxc7 Rxd5 28. cxd5 Bxf1 29. Kxf1 Ra8 30. d6 Ke6 31. a3 Bxa3 32. Re1+ Kd7 33. Re7+ Kc6 34. Rxf7 c4 35. Ke2 Bb4 36. Rxg7 Rxa4 37. Bb8 Ra2+ 38. Kf3 Bxd6 39. Bxd6 Kxd6 40. Rxh7 Kd5 41. Rc7 Kd4 42. g4 c3 43. h4 Ra4 44. Rd7+ Kc4 45. Rd1 c2 46. Rc1 Kc3 47. h5 Rd4 48. h6 Rd3+ 49. Kf4 Rd2 50. f3 Rh2 51. g5 Kd2 52. Rxc2+ Kxc2 53. Kf5 Kd3 54. f4 Kd4 55. Kf6 Ke4 56. f5 Rf2 57. h7 Rh2 58. g6 Rh5 59. g7 Rxf5+ 60. Kg6 Kf4 61. h8=Q Rg5+ 62. Kf6 Rf5+ 63. Ke6 Re5+ 64. Kd6 Rf5 65. g8=Q Rd5+ 66. Qxd5 Ke3 67. Qh3+ Ke2 68. Qdf3+ Ke1 69. Qhf1+ Kd2 70. Q3d3# 1-0


[Site "https://www.chess.com"]

[Event "Titled Tuesday Blitz January 25 2022"]
[White "Cherniaiev, Tykhon"]
[Black "Sanal, Vahap"]
[WhiteFideId "14182360"]
[BlackFideId "6300545"]
[WhiteElo "2289"]
[BlackElo "2603"]
[Result "1/2-1/2"]
[Round "02"]
[TimeControl "180+1"]
[Date "2022.01.26"]
[WhiteClock "0:00:27"]
[BlackClock "0:00:16"]

1. Nf3 Nf6 2. c4 g6 3. b3 Bg7 4. Bb2 O-O 5. g3 d6 6. d4 c5 7. Bg2 Qa5+ 8. Qd2 Qc7 9. Nc3 Nc6 10. O-O Bg4 11. dxc5 dxc5 12. Nd5 Qd8 13. Rad1 Nxd5 14. cxd5 Bxf3 15. Bxf3 Nd4 16. Bxd4 cxd4 17. e3 dxe3 18. Qxe3 Qd6 19. Rfe1 Bf6 20. h4 h5 21. Qd3 Kg7 22. Rc1 a6 23. Qe3 Rfd8 24. Qc5 Qd7 25. Qc7 Qb5 26. Qc5 Rd6 27. Rc4 Qd7 28. Qc7 Qb5 29. Qc5 Qd7 30. Qc7 Rd8 31. Qxd7 R8xd7 32. Rec1 Be5 33. Re1 Bb2 34. Rb1 Bf6 35. Rbc1 Rd8 36. Rc7 Rb8 37. Kg2 Kf8 38. Rc8+ Rxc8 39. Rxc8+ Kg7 40. Rc7 b5 41. Be4 Kf8 42. Rc8+ Kg7 43. Rc7 Rb6 44. Bf3 Kf8 45. Rc8+ Kg7 46. Rc7 Rb8 47. Be4 a5 48. Bd3 a4 49. Be2 axb3 50. axb3 b4 51. Bc4 Ra8 52. d6 Kf8 53. dxe7+ Bxe7 54. Bd5 Ra2 55. Bc4 Rd2 56. Rb7 Rd1 57. Rc7 Re1 58. Rb7 Re5 59. Rc7 Kg7 60. Rd7 Re1 61. Rc7 Kf8 62. Rc8+ Kg7 63. Rc7 f5 64. Rc6 Bf6 65. Rc7+ Be7 66. Rc6 f4 67. Re6 Rxe6 68. Bxe6 Kf6 69. Bc4 Bd6 70. Kf3 fxg3 71. fxg3 Be5 72. Bd3 Bc3 73. Bc2 Be1 74. Bd3 g5 75. hxg5+ Kxg5 76. Bc4 Kf6 77. Bb5 Ke5 78. Be8 h4 79. gxh4 Bxh4 80. Bf7 Kd4 81. Bc4 Kc3 82. Kg4 Bd8 83. Kf5 Bb6 84. Ke5 Bf2 85. Ke4 Be1 86. Kf3 Bd2 87. Ke2 Bc1 88. Kf3 Ba3 89. Ke2 Bb2 90. Kd1 Ba3 91. Ke2 Bb2 92. Kf3 Ba3 93. Ke2 1/2-1/2


[Site "https://www.chess.com"]

[Event "Titled Tuesday Blitz January 25 2022"]
[White "Cremisi, Daniel"]
[Black "Ruperez Benito, Antonio"]
[WhiteFideId "2089882"]
[BlackFideId "22245049"]
[WhiteElo "2172"]
[BlackElo "2249"]
[Result "0-1"]
[Round "02"]
[TimeControl "180+1"]
[Date "2022.01.26"]
[WhiteClock "0:00:27"]
[BlackClock "0:00:22"]

1. d4 Nf6 2. c4 e6 3. Nf3 d5 4. Nc3 Be7 5. cxd5 exd5 6. Bg5 O-O 7. e3 c6 8. Bd3 h6 9. Bh4 Re8 10. Qc2 Ne4 11. Bxe7 Qxe7 12. O-O Nd7 13. Nd2 Ndf6 14. Rae1 Bf5 15. Re2 Nxc3 16. bxc3 Bxd3 17. Qxd3 b5 18. Nb3 a5 19. Nc5 Nd7 20. Nxd7 Qxd7 21. f3 b4 22. cxb4 axb4 23. Rb2 Ra3 24. Rb3 Rxa2 25. Rxb4 g6 26. e4 Qe7 27. Qb3 Rd2 28. e5 c5 29. Rb7 Qg5 30. g3 Rxd4 31. f4 Qf5 32. Rb8 Rxb8 33. Qxb8+ Kg7 34. Qd6 c4 35. Ra1 c3 36. Qc6 c2 37. g4 Rd1+ 38. Kf2 Qxf4+ 39. Ke2 Qxg4+ 40. Ke3 Qg5+ 41. Ke2 Rxa1 42. Qxc2 Qg2+ 0-1


[Site "https://www.chess.com"]

[Event "Titled Tuesday Blitz January 25 2022"]
[White "Deac, Bogdan-Daniel"]
[Black "Golizadeh, Asghar"]
[WhiteFideId "1226380"]
[BlackFideId "12505269"]
[WhiteElo "2646"]
[BlackElo "2403"]
[Result "1-0"]
[Round "02"]
[TimeControl "180+1"]
[Date "2022.01.26"]
[WhiteClock "0:00:02"]
[BlackClock "0:01:06"]

1. e4 c5 2. Nf3 g6 3. c3 Bg7 4. d4 cxd4 5. cxd4 d5 6. e5 Nh6 7. Nc3 O-O 8. Be2 Nc6 9. h3 Bf5 10. O-O Be4 11. Ng5 Qb6 12. Be3 Nf5 13. Na4 Qa5 14. Nc5 Qb6 15. Nd7 Qxb2 16. Nxf8 Rxf8 17. Nxe4 dxe4 18. Rb1 Qxa2 19. Rxb7 Rd8 20. Bg4 Nfxd4 21. Rd7 Rxd7 22. Bxd7 Ne2+ 23. Kh1 Nxe5 24. Bb5 Nd3 25. Bxd3 Nc3 26. Bb1 Nxd1 27. Bxa2 Nc3 28. Bc4 e5 29. Bxa7 Kf8 30. Rc1 Na4 31. Bb5 Nb2 32. Rc2 Nd1 33. Kg1 Bh6 34. Be2 1-0


[Site "https://www.chess.com"]